 Dungeon Crawl Stone Soup version 0.30-a0-534-gdc55766716 (webtiles) character file.

Game seed: 2537253614992384504

233 avis the Ducker (level 5, -3/41 HPs)
             Began as a Demigod Ice Elementalist on Dec 24, 2022.
             Slain by a gnoll
             ... wielding a +0 halberd
              (8 damage)
             ... on level 3 of the Dungeon.
             The game lasted 00:14:07 (2865 turns).

avis the Ducker (Demigod Ice Elementalist)          Turns: 2865, Time: 00:14:08

Health: -3/41      AC:  8    Str:  9    XL:     5   Next: 45%
Magic:  6/20       EV: 14    Int: 17    God:
Gold:   141        SH:  0    Dex: 18    Spells: 2/9 levels left

rFire   . . .      SeeInvis .    a - +0 dagger (venom)
rCold   . . .      Faith    .    (no shield)
rNeg    . . .      Spirit   .    g - +0 robe
rPois   .          Reflect  .    (no helmet)
rElec   .          Harm     .    (no cloak)
rCorr   .          Rampage  .    (no gloves)
Will    .....                    (no boots)
Stlth   ++                       (no amulet)
HPRegen 0.26/turn                n - ring of magical power
MPRegen 0.17/turn                (no ring)

@: ice-armoured, very slightly contaminated
A: high MP 1, forlorn, divine attributes
a: no special abilities


You were on level 3 of the Dungeon.
You visited 1 branch of the dungeon, and saw 3 of its levels.

You collected 141 gold pieces.

Inventory:

Hand Weapons
 a - a +0 dagger of venom (weapon)
 u - a +0 dagger of holy wrath
Armour
 g - a +0 robe (worn)
Jewellery
 n - a ring of magical power (left hand)
Wands
 q - a wand of digging (2)
Scrolls
 c - a scroll of summoning {unknown}
 e - 2 scrolls of fear {unknown}
 f - 2 scrolls of teleportation {unknown}
 i - 2 scrolls of fog {unknown}
 k - 5 scrolls of identify {unknown}
 l - a scroll of enchant armour {unknown}
 o - a scroll of noise {unknown}
 p - a scroll of immolation {unknown}
 r - a scroll of enchant weapon {unknown}
 s - a scroll of acquirement {unknown}
 t - a scroll of vulnerability {unknown}
Potions
 b - a potion of magic
 d - 2 potions of cancellation {unknown}
 h - 2 potions of curing {unknown}
 j - a potion of ambrosia {unknown}
 m - a potion of haste


   Skills:
 - Level 2.0 Fighting
 * Level 4.2 Dodging
 - Level 2.0 Stealth
 - Level 2.5 Spellcasting
 - Level 4.0 Ice Magic


You had 2 spell levels left.
You knew the following spells:

 Your Spells              Type           Power      Damage    Failure   Level
a - Freeze                Ice            60%        1d7       3%          1
o - Ozocubu's Armour      Ice            15%        N/A       11%         3
r - Frozen Ramparts       Ice            30%        1d5       11%         3

Your spell library contained the following spells:

 Spells                   Type           Power      Damage    Failure   Level
 Summon Ice Beast         Ice/Summ       8%         N/A       63%         4


Dungeon Overview and Level Annotations

Branches:
Dungeon (3/15)


Innate Abilities, Weirdness & Mutations

You have an increased reservoir of magic. (+10% MP)
You shall have no god before yourself.
Your divine heritage dramatically boosts your attributes as you level up.


Message History

The gnoll closely misses you.
The orc wizard casts a spell.
The orc wizard flickers and vanishes!
Deactivating autopickup; reactivate with Ctrl-A.
Natasha claws you but does no damage.
You hit the gnoll.
You kill the gnoll!
Natasha mumbles some strange words.
Natasha barely misses you.
Your Dodging skill increases to level 4!
You barely miss Natasha.
Natasha is severely wounded.
You kill Natasha!
Natasha growls in agony!
The crimson imp disappears in a puff of smoke!
Your icy armour will break if you move.
Continue?
Okay, then.
You closely miss something. Something hits you but does no damage.
Something hits you.
* * * LOW HITPOINT WARNING * * *
You barely miss something. Something hits you but does no damage.
You hit something.
You hear some strange, mumbled words.
A magic dart appears from out of thin air!
The magic dart hits you.
* * * LOW HITPOINT WARNING * * *
Something hits you.
* * * LOW HITPOINT WARNING * * *
You miss something. Something hits you but does no damage.
Your magical contamination has completely faded away.
Casting: Ozocubu's Armour (dangerous; 11% risk of failure)
Confirm with . or Enter, or press ? or * to list all spells.
Casting: Frozen Ramparts (dangerous; 11% risk of failure)
Press: ? - help, Dir - look around, f - activate You miscast Frozen Ramparts.
You are very lightly contaminated with residual magic.
Nothing appears to happen.
Something hits you.
* * * LOW HITPOINT WARNING * * *
The gnoll hits you from afar with a +0 halberd!
You die...

#.#
#...........##......
####...........###..##.
............#..........
#........####.##..#.. #
#........# ##.......
##. #........# ##...###
......#)..##.# ##.#.#
..... #...##.#####.#.)#
......##@###......###)#
......g{)# #.#####.#..#
......####
#..........### .[...
########.#.... ....
#####.##### ###
#...#.##### ###
#..........
..###########...#.#####
#.#.........##.##.#


You could see a gnoll.

Vanquished Creatures
  Jessica (D:3)
  Ijyb (D:3)
  Natasha (D:3)
  An orc wizard (D:3)
  2 gnolls (D:3)
  5 adders (D:2)
  3 dart slugs
  2 orcs (D:3)
  6 endoplasms
  2 giant cockroaches
  8 goblins
  5 hobgoblins
  8 kobolds
  3 quokkas (D:1)
  6 ball pythons
  3 bats (D:2)
  4 frilled lizards
  6 rats
67 creatures vanquished.

Notes
Turn   | Place    | Note
-------+----------+-------------------------------------------
     0 | D:1      | avis the Demigod Ice Elementalist began the quest for the
                  | Orb.
     0 | D:1      | Reached XP level 1. HP: 14/14 MP: 5/5
   128 | D:1      | You fall into a shaft and drop 1 floor!
   164 | D:2      | Reached XP level 2. HP: 17/20 MP: 2/7
   260 | D:2      | Reached skill level 1 in Fighting
   260 | D:2      | Reached XP level 3. HP: 28/28 MP: 2/9
   459 | D:2      | Learned a level 3 spell: Frozen Ramparts
   463 | D:2      | Learned a level 3 spell: Ozocubu's Armour
  1362 | D:1      | Reached XP level 4. HP: 35/35 MP: 10/10
  2500 | D:3      | Noticed Jessica
  2508 | D:3      | Killed Jessica
  2577 | D:3      | Noticed Ijyb
  2610 | D:3      | Killed Ijyb
  2611 | D:3      | Reached XP level 5. HP: 41/41 MP: 11/11
  2837 | D:3      | Noticed Natasha
  2860 | D:3      | Killed Natasha
  2865 | D:3      | Slain by a gnoll

Illustrated notes

Levels and vault maps discovered:
D:1:      scummos_arrival_checkerplants, layout_basic, minmay_heptomino_d4
D:2:      layout_rooms, shapermc_ecumenical_altar_starsandcircs
D:3:      layout_loops_ring, uniq_natasha, uniq_jessica, uniq_ijyb

Skill      XL: |  1  2  3  4  5 |
---------------+----------------+-----
Ice Magic      | 4 |  4.0
Spellcasting   | 2 |  2.5
Fighting       | 1 2 |  2.0
Dodging        | 2 3 4 |  4.2
Stealth        | 2 |  2.0

Action                   |  1- 3 |  4- 6 || total
-------------------------+-------+-------++-------
Melee: Dagger            |    17 |    73 ||    90
       Punch             |       |     1 ||     1
 Cast: Freeze            |    57 |    10 ||    67
       Frozen Ramparts   |       |     4 ||     4
       Ozocubu's Armour  |       |     2 ||     2
 Stab: Sleeping          |     4 |     6 ||    10
Armor: Robe              |     5 |    17 ||    22
Dodge: Dodged            |    30 |    47 ||    77

Table legend: (Time is in decaauts)
 A = Elapsed time spent in this place.
 B = Non-inter-level travel time spent in this place.
 C = Inter-level travel time spent in this place.
 D = Time resting spent in this place.
 E = Time spent auto-exploring this place.
 F = Levels seen in this place.
 G = Mean time per level.
                   A        B        C        D        E       F      G
               +--------+--------+--------+--------+--------+-----+--------+
         Total |   2866 |   2652 |    214 |    799 |   1232 |   3 |  955.3 |
       Dungeon |   2866 |   2652 |    214 |    799 |   1232 |   3 |  955.3 |
               +--------+--------+--------+--------+--------+-----+--------+

Top non-repeatable levels by time:
     D:1: 1396 daAuts
     D:2: 1026 daAuts
     D:3: 443 daAuts
